 Dungeon Crawl Stone Soup version 0.24-a0-497-g5a03d68f59 (webtiles) character file.

Game seed: 11405933992638211379

13542 KristoblXynda the Carver (level 11, -5/79 HPs)
             Began as a Black Draconian Skald on July 13, 2019.
             Was an Initiate of Gozag.
             Slain by an eight-headed hydra (12 damage)
             ... on level 11 of the Dungeon.
             The game lasted 00:32:19 (15529 turns).

KristoblXynda the Carver (Black Draconian Skald)   Turns: 15529, Time: 00:32:20

Health: -5/79      AC: 12    Str: 14    XL:     11   Next: 76%
Magic:  9/14       EV: 16    Int: 16    God:    Gozag
Gold:   404        SH:  6    Dex: 11    Spells: 3/14 levels left

rFire    . . .     SeeInvis +   z - +3 long sword (flame)
rCold    . . .     Gourm    .   (no shield)
rNeg     . . .     Faith    .   (armour unavailable)
rPois    .         Spirit   .   C - +1 hat
rElec    +         Reflect  +   i - +0 cloak
rCorr    .         Harm     .   o - +0 pair of gloves
MR       .....                  j - +1 pair of boots {Stlth+}
Stlth    ++........             b - +6 amulet of reflection
HPRegen  1.23/turn              v - ring of see invisible
MPRegen  0.14/turn              (no ring)

@: short of breath, gold aura, regenerating
A: breathe lightning, unfitting armour, electricity resistance, cold-blooded, AC
+7
a: Breathe Lightning, Potion Petition, Call Merchant, Bribe Branch, Renounce
Religion


You were on level 11 of the Dungeon.
You worshipped Gozag.
Gozag was aware of your devotion.
You were not hungry.

You visited 2 branches of the dungeon, and saw 12 of its levels.
You also visited: Bailey.

You collected 1640 gold pieces.
You spent 1123 gold pieces at shops.
You paid 113 gold pieces to Gozag.

Inventory:

Hand Weapons
 z - a +3 long sword of flaming (weapon)
Armour
 i - a +0 cloak (worn)
 j - a +1 pair of boots of stealth (worn)
 o - a +0 pair of gloves (worn)
 C - a +1 hat (worn)
Jewellery
 b - a +6 amulet of reflection (around neck)
 p - an uncursed ring of positive energy
 u - an uncursed ring of poison resistance
 v - a ring of see invisible (left hand)
 B - an uncursed ring of ice
Wands
 f - a wand of paralysis (2)
 t - a wand of acid (15)
Scrolls
 h - 4 scrolls of teleportation
 k - 3 scrolls of remove curse
 n - a scroll of identify
Potions
 d - 2 potions of resistance
 g - 2 potions of cancellation
 l - 2 potions of invisibility
 m - 2 potions of brilliance
 q - 3 potions of mutation
 s - 2 potions of lignification
 w - 3 potions of agility
 E - a potion of haste
Miscellaneous
 a - a crystal ball of energy
 e - a fan of gales
Comestibles
 c - 14 rations


   Skills:
 - Level 2.1 Fighting
 + Level 12.4 Long Blades
 + Level 9.1 Dodging
 - Level 2.0 Spellcasting
 + Level 5.5 Hexes
 - Level 5.0 Charms
 - Level 5.4 Necromancy
 + Level 4.8 Evocations


You had 3 spell levels left.
You knew the following spells:

 Your Spells              Type           Power        Failure   Level  Hunger
a - Tukima's Dance        Hex            ###.....     6%          3    ###....
b - Regeneration          Chrm/Necr      ###.......   7%          3    ###....
c - Spectral Weapon       Hex/Chrm       ###.....     7%          3    ###....
d - Song of Slaying       Chrm           ###.....     4%          2    ###....

Your spell library contained the following spells:

 Spells                   Type           Power        Failure   Level  Hunger
 Confusing Touch          Hex            ###...       1%          1    #......
 Infusion                 Chrm           ###.         2%          1    #......
 Confuse                  Hex            ###.....     6%          3    ###....
 Shroud of Golubria       Chrm/Tloc      #.....       11%         2    ###....
 Apportation              Tloc           #.....       21%         1    #......
 Flame Tongue             Conj/Fire      #....        21%         1    #......
 Shock                    Conj/Air       #...         21%         1    #......
 Summon Butterflies       Summ           #.......     21%         1    #......
 Inner Flame              Hex/Fire       ##......     21%         3    ###....
 Throw Flame              Conj/Fire      #.....       30%         2    ###....
 Conjure Flame            Conj/Fire      #.......     52%         3    ###....
 Gell's Gravitas          Tloc           #.........   52%         3    ###....
 Lesser Beckoning         Tloc           #.........   52%         3    ###....
 Metabolic Englaciation   Hex/Ice        ##........   88%         5    ######.
 Yara's Violent Unravell  Hex/Tmut       ##........   88%         5    ######.
 Petrify                  Tmut/Erth      #.......     90%         4    #####..
 Sticky Flame             Conj/Fire      #.......     90%         4    #####..
 Summon Lightning Spire   Summ/Air       #.......     90%         4    #####..
 Invisibility             Hex            ###.....     97%         6    #######
 Alistair's Intoxication  Tmut/Pois      #.......     99%         5    ######.
 Fireball                 Conj/Fire      #.........   99%         5    ######.
 Bolt of Fire             Conj/Fire      #.........   100%        6    #######
 Ring of Flames           Chrm/Fire      #.........   100%        7    #######


Dungeon Overview and Level Annotations

Branches:
Dungeon (11/15)            Temple (1/1) D:7            Lair (0/6) D:10
    Orc: D:9-12

Altars:
Ashenzari
Cheibriados
Dithmenos
Elyvilon
Fedhas
Gozag
Hepliaklqana
Kikubaaqudgha
Makhleb
Nemelex Xobeh
Okawaru
Qazlal
Ru
Sif Muna
Trog
Uskayaw
Vehumet
Wu Jian
Xom
Yredelemnul
Zin
The Shining One

Shops:
D:5 =   D:9 *


Innate Abilities, Weirdness & Mutations

You can breathe wild blasts of lightning.
Your glossy black scales are hard. (AC +7)
You cannot fit into any form of body armour.
You are resistant to electric shocks. (rElec)
You are cold-blooded and may be slowed by cold attacks.


Message History

The centaur warrior zombie hits you.
Casting: Regeneration (safe; 7% risk of failure)
Confirm with . or Enter, or press ? or * to list all spells.
Your skin crawls.
The centaur warrior zombie barely misses you.
You riposte.
You hit the centaur warrior zombie. You burn the centaur warrior zombie.
You destroy the centaur warrior zombie!
You hit the eight-headed hydra. You burn the eight-headed hydra.
The eight-headed hydra is lightly wounded.
The eight-headed hydra bites you. The eight-headed hydra misses you.
The eight-headed hydra bites you!
* * * LOW HITPOINT WARNING * * *
The eight-headed hydra bites you but does no damage.
The eight-headed hydra bites you!
* * * LOW HITPOINT WARNING * * *
The eight-headed hydra barely misses you.
The eight-headed hydra bites you!
You die...
Your body crumbles into a pile of gold.

#####...%.###..#
#.............#
..............#
..............##
...............#
.............o.##
...............J#
..............#D##
.............###@#
.............#
#.##### ........##
##....# ...%.##
#.....## ####
##.....## #.....(#
#......##
#........ ###
##.......#


You could see an eight-headed hydra, a jelly and an orc.

Vanquished Creatures
  2 hydras
  2 two-headed ogres
  An orc knight (Bailey)
  An ugly thing (D:11)
  Joseph (D:7)
  A troll (D:11)
  2 dream sheep (D:8)
  A hippogriff (D:8)
  11 yaks
  Grum (D:8)
  A steam dragon (D:8)
  2 wargs (D:10)
  Menkaure (D:5)
  A water moccasin (D:10)
  15 orc warriors
  3 phantoms
  5 sky beasts
  A black bear (D:11)
  An eye of draining (D:8)
  5 ice beasts
  6 ogres
  4 wolves (D:8)
  5 centaurs
  4 big kobolds
  3 bullfrogs
  A wyvern skeleton (D:9)
  2 scorpions
  4 killer bees (D:7)
  2 howler monkeys
  2 crimson imps
  2 bullfrog zombies
  5 hounds
  6 jellies
  2 centaur zombies
  6 orc priests
  10 orc wizards
  A bullfrog skeleton (D:7)
  3 iguanas
  5 worker ants
  A hound skeleton (D:11)
  A howler monkey zombie (D:7)
  A worker ant zombie (D:5)
  6 adders
  5 shadow imps
  An ooze (D:4)
  An adder zombie (D:8)
  An adder skeleton (D:8)
  5 worms
  A dart slug (D:2)
  3 leopard geckos (D:1)
  53 orcs
  2 bat zombies (D:2)
  5 giant cockroaches
  10 goblins
  4 hobgoblins (D:1)
  12 jackals
  13 kobolds
  5 quokkas
  5 bats
  6 frilled lizards
  A leopard gecko skeleton (D:4)
  25 rats
298 creatures vanquished.

Vanquished Creatures (collateral kills)
  2 orc warriors
2 creatures vanquished.

Vanquished Creatures (others)
  2 dancing weapons (Bailey)
  A plant (D:10)
  5 toadstools (D:1)
8 creatures vanquished.

Grand Total: 308 creatures vanquished

Notes
Turn   | Place    | Note
-------+----------+-------------------------------------------
     0 | D:1      | KristoblXynda the Draconian Skald began the quest for the
                  | Orb.
     0 | D:1      | Reached XP level 1. HP: 17/17 MP: 3/3
   284 | D:1      | Reached XP level 2. HP: 24/24 MP: 5/5
   800 | D:1      | Reached XP level 3. HP: 28/29 MP: 6/6
   967 | D:1      | Reached skill level 3 in Long Blades
  1943 | D:2      | Reached XP level 4. HP: 36/36 MP: 7/7
  2098 | D:2      | Found an ancient bone altar of Kikubaaqudgha.
  2435 | D:3      | Found a glowing golden altar of the Shining One.
  2437 | D:3      | Found a deep blue altar of Sif Muna.
  2459 | D:3      | Found a shimmering altar of Xom.
  2781 | D:3      | Reached skill level 4 in Long Blades
  2793 | D:3      | Reached XP level 5. HP: 15/41 MP: 3/8
  3816 | D:3      | Learned a level 3 spell: Regeneration
  3820 | D:3      | Learned a level 3 spell: Spectral Weapon
  3928 | D:4      | Noticed an ogre
  3947 | D:4      | Killed an ogre
  3947 | D:4      | Reached skill level 5 in Long Blades
  3947 | D:4      | Reached XP level 6. HP: 31/48 MP: 6/9
  4682 | D:4      | Learned a level 2 spell: Song of Slaying
  4752 | D:5      | Entered Level 5 of the Dungeon
  4761 | D:5      | Found an ancient bone altar of Kikubaaqudgha.
  4812 | D:5      | Your scales start taking on a glossy black colour.
  4812 | D:5      | Reached XP level 7. HP: 36/55 MP: 10/10
  4812 | D:5      | Gained mutation: You are resistant to electric shocks.
                  | (rElec) [Black Draconian growth]
  5157 | D:5      | Noticed Menkaure
  5162 | D:5      | Found Powatomi's Jewellery Shop.
  5177 | D:5      | Bought an uncursed ring of see invisible for 210 gold
                  | pieces
  5241 | D:5      | Killed Menkaure
  5241 | D:5      | Reached skill level 6 in Long Blades
  6013 | D:6      | Reached skill level 7 in Long Blades
  6013 | D:6      | Reached skill level 5 in Charms
  6013 | D:6      | Reached XP level 8. HP: 33/61 MP: 11/11
  6064 | D:6      | Reached skill level 5 in Dodging
  6064 | D:6      | Reached skill level 1 in Necromancy
  6746 | D:7      | Reached skill level 8 in Long Blades
  7322 | D:7      | Noticed Joseph
  7350 | D:7      | Killed Joseph
  7350 | D:7      | Reached XP level 9. HP: 48/67 MP: 12/12
  7488 | D:7      | Found a staircase to the Ecumenical Temple.
  7506 | Temple   | Entered the Ecumenical Temple
  7536 | Temple   | Became a worshipper of Gozag Ym Sagoz the Greedy
  8295 | D:8      | Noticed Grum
  8350 | D:8      | Reached skill level 9 in Long Blades
  9136 | D:8      | Reached skill level 10 in Long Blades
  9278 | D:8      | Found a shimmering altar of Xom.
  9305 | D:8      | Reached skill level 5 in Necromancy
  9338 | D:8      | Reached XP level 10. HP: 10/73 MP: 13/13
  9831 | D:8      | Noticed a two-headed hydra
  9842 | D:8      | Killed a one-headed hydra
  9842 | D:8      | Reached skill level 1 in Hexes
 10043 | D:8      | Reached skill level 11 in Long Blades
 10201 | D:9      | Noticed a two-headed ogre
 10269 | D:8      | Killed Grum
 10582 | D:9      | Killed a two-headed ogre
 11077 | D:9      | Found Caruwn's General Store.
 11085 | D:9      | Bought 3 scrolls of identify for 66 gold pieces
 11312 | D:10     | Entered Level 10 of the Dungeon
 11312 | D:10     | Noticed a two-headed ogre
 11321 | D:10     | Killed a two-headed ogre
 11321 | D:10     | Reached skill level 1 in Evocations
 11359 | D:10     | Noticed a four-headed hydra
 11362 | D:10     | Found a flagged portal.
 11485 | D:10     | Got a dazzling spear
 11486 | D:10     | Identified the +8 spear of Dissatisfaction {vamp, Str+5
                  | Int-4 Stlth+} (You found it on level 10 of the Dungeon)
 11489 | Bailey   | Entered a bailey
 11875 | Bailey   | Learned a level 3 spell: Tukima's Dance
 12125 | Bailey   | Reached XP level 11. HP: 44/79 MP: 14/14
 13276 | Bailey   | Identified a scroll of acquirement
 13365 | Bailey   | Noticed an orc knight
 13423 | Bailey   | Killed an orc knight
 13469 | Bailey   | Identified Nanleste's Compendium of Gliding Flames
 13667 | D:10     | Killed a one-headed hydra
 13667 | D:10     | Reached skill level 12 in Long Blades
 13869 | D:10     | Found a staircase to the Lair.
 14270 | D:10     | Reached skill level 5 in Hexes
 14998 | D:5      | Bought a +6 amulet of reflection for 819 gold pieces
 14998 | D:5      | Bought a cursed -3 ring of intelligence for 28 gold pieces
 15291 | D:11     | Noticed a red ugly thing
 15324 | D:11     | Killed a red ugly thing
 15501 | D:11     | Noticed an eight-headed hydra
 15529 | D:11     | Slain by an eight-headed hydra

Levels and vault maps discovered:
D:1:      ldierk_walled_garden, layout_basic
D:2:      layout_loops_corners, lemuel_zombie_altar_kikubaaqudgha,
          minmay_rat_hole
D:3:      layout_basic, lemuel_doored_altar,
          chequers_temple_overflow_statue_of_worship, first_ration
D:4:      layout_rooms
D:5:      layout_gridville, basic_altar, serial_shops, shop, uniq_menkaure
D:6:      layout_basic
D:7:      layout_basic, minmay_temple_entry_junction, uniq_joseph
D:8:      layout_basic, basic_altar, hangedman_ranch [blue_anna_fruit_fields],
          uniq_grum
D:9:      layout_basic, serial_shops, shop, minmay_fountain_box
D:10:     layout_irregular_city, erik_lair_orcish_takeover, serial_column_ruins,
          column_ruins_hut, column_ruins_open_small,
          column_ruins_columns_straight, column_ruins_grid_1,
          column_ruins_open_small, enter_bailey_2
D:11:     layout_cave_pods, orc_david_3, gauntlet_entry_generic, basic_altar,
          kennysheep_generic_room_5
Temple:   compressed_dpeg_circular_temple

Skill      XL: |  1  2  3  4  5  6  7  8  9 10 11 |
---------------+----------------------------------+-----
Charms         | 3 4 5 |  5.0
Long Blades    | 3 4 5 7 8 10 11 12 | 12.4
Dodging        | 3 4 5 7 8 9 |  9.1
Necromancy     | 3 5 |  5.4
Hexes          | 3 5 |  5.5
Evocations     | 2 4 |  4.8
Fighting       | |  2.1
Spellcasting   | |  2.0

Action                   |  1- 3 |  4- 6 |  7- 9 | 10-12 || total
-------------------------+-------+-------+-------+-------++-------
Melee: Falchion          |   141 |   232 |   199 |     4 ||   576
       Tailslap          |    15 |    40 |    55 |    50 ||   160
       Long sword        |       |       |   180 |   407 ||   587
       Spear             |       |       |       |    26 ||    26
 Cast: Infusion          |       |     2 |       |       ||     2
       Spectral Weapon   |       |     3 |       |       ||     3
       Regeneration      |       |       |     9 |    14 ||    23
       Tukima's Dance    |       |       |       |    12 ||    12
Invok: Potion Petition   |       |       |       |     1 ||     1
 Abil: Breathe Lightning |       |       |     8 |    12 ||    20
Evoke: Wand              |       |       |    14 |    13 ||    27
  Use: Scroll            |       |     7 |     9 |    14 ||    30
       Potion            |       |     3 |     2 |     1 ||     6
 Stab: Distracted        |       |     1 |     1 |     2 ||     4
       Sleeping          |       |       |     1 |       ||     1
       Paralysed         |       |       |       |     7 ||     7
       Invisible         |       |       |       |     3 ||     3
  Eat: Ration            |     1 |     1 |     4 |     8 ||    14
       Chunk             |       |     7 |     3 |       ||    10
Armor: Skin              |    48 |    76 |   111 |    95 ||   330
Dodge: Dodged            |   100 |   193 |   313 |   297 ||   903
Block: Other             |       |       |       |    22 ||    22
       Rpst.: Falchion   |    29 |    64 |    37 |       ||   130
       Long sword        |       |       |    56 |    66 ||   122

Table legend:
 A = Non-vault XP
 B = Vault XP
 C = Vault XP percentage of total XP
 D = Non-vault monster count
 E = Vault monster count
 F = Vault count percentage of total count
                 A         B        C        D         E       F
            +---------+---------+-------+---------+---------+-------
      Total |   13004 |    6342 |  32.8 |     228 |      72 |  24.0
            +---------+---------+-------+---------+---------+-------
        D:1 |      58 |       0 |   0.0 |      33 |       0 |   0.0
        D:2 |      70 |      24 |  25.5 |      14 |      21 |  60.0
        D:3 |     170 |       0 |   0.0 |      34 |       0 |   0.0
        D:4 |     291 |       0 |   0.0 |      11 |       0 |   0.0
        D:5 |     571 |     165 |  22.4 |      14 |       1 |   6.7
        D:6 |     872 |       0 |   0.0 |      20 |       0 |   0.0
        D:7 |     514 |     445 |  46.4 |      14 |       1 |   6.7
        D:8 |    1446 |    2872 |  66.5 |      21 |      13 |  38.2
        D:9 |    2026 |       0 |   0.0 |      24 |       0 |   0.0
       D:10 |    5122 |     565 |   9.9 |      31 |       9 |  22.5
       D:11 |    1864 |     136 |   6.8 |      12 |       1 |   7.7
     Bailey |       0 |    2135 | 100.0 |       0 |      26 | 100.0
            +---------+---------+-------+---------+---------+-------
